 Dungeon Crawl Stone Soup version 0.24.1-1-gd1d2a07e1b (webtiles) character file.

Game seed: 6037856471622794867, levelgen mode: deterministic

20 Curus the Ruffian (level 2, 0/29 HPs)
             Began as a Troll Monk on Apr 8, 2020.
             Slain by a gnoll
             ... wielding a +0 spear
              (4 damage)
             ... on level 1 of the Dungeon.
             The game lasted 00:02:21 (189 turns).

Curus the Ruffian (Troll Monk)                       Turns: 189, Time: 00:02:21

Health: 0/29       AC:  6    Str: 18    XL:     2   Next: 58%
Magic:  1/1        EV: 10    Int:  6    God:
Gold:   7          SH:  0    Dex: 12    Spells: 1/1 levels left

rFire    . . .     SeeInvis .     - Unarmed
rCold    . . .     Gourm    +   (no shield)
rNeg     . . .     Faith    .   a - +0 robe
rPois    .         Spirit   .   (helmet restricted)
rElec    .         Reflect  .   (no cloak)
rCorr    .         Harm     .   (gloves unavailable)
MR       .....                  (boots unavailable)
Stlth    ++........             c - amulet of inaccuracy (curse)
HPRegen  0.49/turn              (no ring)
MPRegen  0.07/turn              (no ring)

@: no status effects
A: large, unfitting armour, claws 3, fast metabolism 3, gourmand, regeneration
1, shaggy fur 1, tough skin 3
a: no special abilities


You were on level 1 of the Dungeon.
You were not hungry.

You visited 1 branch of the dungeon, and saw 1 of its levels.

You collected 7 gold pieces.

Inventory:

Armour
 a - a +0 robe (worn)
Jewellery
 c - a cursed amulet of inaccuracy (around neck)
Scrolls
 d - a scroll of identify
Potions
 e - a potion of might {unknown}
Comestibles
 b - 3 rations


   Skills:
 - Level 2.4 Fighting
 - Level 2.4 Dodging
 - Level 1.0 Stealth
 + Level 4.0 Unarmed Combat


You had one spell level left.
You didn't know any spells.
Your spell library was empty.

Dungeon Overview and Level Annotations

Branches:
Dungeon (1/15)

Altars:


Innate Abilities, Weirdness & Mutations

You are too large for most types of armour.
You have claws for hands.
Your metabolism is lightning-fast.
You like to eat raw meat.
Your natural rate of healing is unusually fast.
You are covered in fur. (AC +1)
You have extremely tough skin. (AC +3)


Message History

You barely miss the frilled lizard. The frilled lizard bites you.
The gnoll hits you from afar with a +0 spear!
* * * LOW HITPOINT WARNING * * *
You see here a stone.
You miss the frilled lizard. The frilled lizard barely misses you.
You barely miss the frilled lizard.
The frilled lizard bites you but does no damage.
You barely miss the frilled lizard. The frilled lizard barely misses you.
You scratch the frilled lizard.
You kill the frilled lizard!
You scratch the ooze but do no damage. The ooze hits you.
You claw the ooze!
You kill the ooze!
Your Unarmed Combat skill increases to level 4!
The gnoll hits you but does no damage. The gnoll hits you with a +0 spear.
* * * LOW HITPOINT WARNING * * *
You see here a frilled lizard corpse.
You scratch the gnoll but do no damage. The gnoll hits you with a +0 spear.
You die...

#...≈≈≈#+#+#≈≈
###...≈≈≈+ ##+
..#...≈≈≈+ #..
#.#...≈≈≈#+# #.#
#.#...≈≈≈≈≈+ # #.
###.#...≈≈≈≈≈# # #.#
#.......≈≈≈≈≈# # ...
#.#.#...≈≈≈≈≈+ # #..
#@#.#...≈≈≈#+# # #.##
###g#.#...≈≈≈+ ...
#..(..#...≈≈≈+
#.(###.##.....#...≈≈≈#
#.....))(....(....≈≈≈≈≈≈
....#..##.....#...≈≈≈≈≈≈
# ............#...≈≈≈≈≈≈
.........>.#............
.###.######.###.........


You could see a gnoll.

Vanquished Creatures
  An ooze (D:1)
  A dart slug (D:1)
  2 goblins (D:1)
  A hobgoblin (D:1)
  4 kobolds (D:1)
  2 frilled lizards (D:1)
  3 rats (D:1)
14 creatures vanquished.

Notes
Turn   | Place    | Note
-------+----------+-------------------------------------------
     0 | D:1      | Curus the Troll Monk began the quest for the Orb.
     0 | D:1      | Reached XP level 1. HP: 22/22 MP: 0/0
    89 | D:1      | Reached XP level 2. HP: 29/29 MP: 1/1
   187 | D:1      | Reached skill level 4 in Unarmed Combat
   189 | D:1      | Slain by a gnoll

Levels and vault maps discovered:
D:1:      dpeg_arrival_castle, layout_loops_ring, minmay_shallow_snake_nest

Skill      XL: |  1  2 |
---------------+-------+-----
Unarmed Combat | 4 |  4.0
Fighting       | |  2.4
Dodging        | |  2.4
Stealth        | |  1.0

Action                   || total
-------------------------++-------
Melee: Unarmed           ||    31
       Punch             ||     1
  Use: Scroll            ||     1
       Potion            ||     1
 Stab: Sleeping          ||     1
Armor: Robe              ||     7
Dodge: Dodged            ||    12
